 Dungeon Crawl Stone Soup version 0.17-a0-125-g34d91a1 (webtiles) character file.

136 Ngotmuk the Shield-Bearer (level 4, 0/40 HPs)
             Began as a Deep Dwarf Fighter on Mar 23, 2015.
             Slain by Robin
             ... wielding a +2 whip of electrocution
              (3 damage)
             ... on level 3 of the Dungeon.
             The game lasted 00:08:52 (1725 turns).

Ngotmuk the Shield-Bearer (Deep Dwarf Fighter)      Turns: 1725, Time: 00:08:52

Health: 0/40       AC:  7    Str: 20    XL:     4   Next: 98%
Magic:  4/4        EV:  7    Int:  9    God:
Gold:   131        SH:  9    Dex: 12    Spells: 0 memorised, 3 levels left

rFire  . . .     SeeInvis +     a - +0 flail
rCold  . . .     Clarity  .     b - +0 scale mail
rNeg   + . .     SustAb   .     c - +0 shield
rPois  .         Gourm    .     (no helmet)
rElec  .         Spirit   .     (no cloak)
rCorr  .         Warding  .     (no gloves)
rMut   .         Stasis   .     (no boots)
MR     .....                    (no amulet)
Stlth  ..........               u - ring of see invisible
                                g - ring of positive energy

@: non-regenerating, not resistant to hostile enchantments, extremely unstealthy
A: damage resistance, recharge devices, sense surroundings 1, slow healing 3
a: Device Recharging


You were on level 3 of the Dungeon.
You were not hungry.

You visited 1 branch of the dungeon, and saw 3 of its levels.

You collected 131 gold pieces.

Inventory:

Hand weapons
 a - a +0 flail (weapon)
Armour
 b - a +0 scale mail (worn)
 c - a +0 shield (worn)
Jewellery
 g - a ring of positive energy (left hand)
 u - a ring of see invisible (right hand)
Magical devices
 d - a wand of heal wounds (5)
 n - a wand of fireball (8)
Scrolls
 f - a scroll of teleportation {unknown}
 j - a scroll of remove curse {unknown}
 k - 3 scrolls of identify {unknown}
 o - 2 scrolls of recharging {unknown}
 p - 3 scrolls of fog {unknown}
 q - a scroll of enchant armour {unknown}
 r - a scroll of random uselessness {unknown}
 s - a scroll of fear {unknown}
Potions
 e - 3 potions of might
 i - 2 potions of curing {unknown}
 l - a potion of heal wounds {unknown}
 m - a potion of cancellation {unknown}
 t - a potion of agility {unknown}
Comestibles
 h - 2 meat rations


   Skills:
 - Level 2.6 Fighting
 * Level 3.5 Maces & Flails
 + Level 4.4 Armour
 + Level 4.4 Shields


You had 3 spell levels left.
You didn't know any spells.

Dungeon Overview and Level Annotations

Branches:
Dungeon (3/15)

Altars:
Elyvilon

Annotations:
D:3 Robin


Innate Abilities, Weirdness & Mutations

You are resistant to damage.
You can recharge devices by infusing magical energy.
You passively map a small area around you.
You do not heal naturally.


Message History

You block Robin's attack. You block the goblin's attack.
Robin roars a battlecry!
The goblins go into a battle-frenzy!
You block Robin's attack.
A goblin comes into view.
The goblin shouts!
You hear a shout!
You hear a shout!
You hear a shout!
You hear a shout! x2
You hit Robin.
Robin is heavily wounded.
You block the goblin's attack. Robin hits you but does no damage.
A hobgoblin comes into view.
You sock Robin!
Robin is almost dead.
The goblin hits you but does no damage. Robin throws the goblin at you!
A goblin comes into view. It is wielding a club.
Your shield and scale mail prevent you from hitting Robin.
Robin is almost dead.
The goblin hits you but does no damage. You block the goblin's attack.
Robin hits you with a whip of electrocution.
You die...

# #....)........#(# #
#.......g...#.#.#
######.#........#.#
##.........##g###)#
........).....g.#.#
##......#.####g##.#
............##.##.#
#####.###...##g##g##
#####.# #...##gg@g.#
......# ##..########
..########.>######
.................########
...########.####.#......#
..## #.......#.###.##
..########.####..#.# #.#
...........# #....# #.#
..##############.#.# #.#


You could see Robin, a hobgoblin (frenzied) and 3 goblins.

Vanquished Creatures
  An orc priest (D:3)
  3 adders
  A gnoll (D:1)
  A giant gecko (D:1)
  An ooze (D:2)
  4 orcs (D:3)
  9 bats
  2 giant cockroaches (D:2)
  11 goblins
  5 hobgoblins
  8 kobolds
  A quokka (D:2)
  5 giant newts
  6 jackals
  5 rats (D:1)
63 creatures vanquished.

Vanquished Creatures (others)
  A quokka (D:2)
1 creature vanquished.

Grand Total: 64 creatures vanquished

Notes
Turn   | Place    | Note
--------------------------------------------------------------
     0 | D:1      | Ngotmuk, the Deep Dwarf Fighter, began the quest for the Orb.
     0 | D:1      | Reached XP level 1. HP: 20/20 MP: 1/1
   115 | D:1      | Reached XP level 2. HP: 25/27 MP: 2/2
   685 | D:1      | Reached XP level 3. HP: 25/33 MP: 3/3
   843 | D:2      | Reached skill level 4 in Shields
   935 | D:2      | Found a white marble altar of Elyvilon.
  1186 | D:2      | Reached XP level 4. HP: 24/40 MP: 4/4
  1686 | D:3      | Noticed Robin
  1725 | D:3      | Slain by Robin

Action                   |  1- 3 |  4- 6 || total
-------------------------+-------+-------++-------
Melee: Flail             |   140 |    76 ||   216
  Eat: Bread ration      |     1 |       ||     1
